 Dungeon Crawl Stone Soup version 0.28-a0-556-gab23d0e057 (webtiles) character file.

Game seed: 1460272760196341751

2398 Tinkle the Cleaver (level 9, -6/111 HPs)
             Began as a Minotaur Berserker on Sept 29, 2021.
             Was an Elder of Trog.
             Mangled by an unseen horror (8 damage)
             ... on level 6 of the Dungeon.
             The game lasted 00:20:43 (7860 turns).

Tinkle the Cleaver (Minotaur Berserker)             Turns: 7860, Time: 00:20:44

Health: -6/111     AC: 10    Str: 24    XL:     9   Next: 23%
Magic:  8/8        EV: 10    Int:  4    God:    Trog [****..]
Gold:   638        SH:  4    Dex: 11    Spells: 8/8 levels left

rFire   . . .      SeeInvis .   a - +0 war axe
rCold   . . .      Faith    .   f - +0 buckler
rNeg    . . .      Spirit   .   v - +0 scale mail
rPois   .          Reflect  .   (helmet restricted)
rElec   .          Harm     .   s - +2 cloak {rCorr}
rCorr   +          Rampage  .   c - +0 pair of gloves
Will    +....                   (no boots)
Stlth   ..........              (no amulet)
HPRegen 0.28/turn               n - ring of willpower
MPRegen 0.11/turn               (no ring)

@: berserking, very quick
A: horns 2, retaliatory headbutt
a: Renounce Religion, Berserk, Trog's Hand, Brothers in Arms


You were on level 6 of the Dungeon.
You worshipped Trog.
Trog was greatly pleased with you.
You visited 1 branch of the dungeon, and saw 6 of its levels.
You also visited: Ossuary.

You collected 638 gold pieces.

Inventory:

Hand Weapons
 a - a +0 war axe (weapon)
 b - a +6 flail of holy wrath
 p - a +0 hand axe
 B - a +4 quarterstaff of chaos
Missiles
 j - 5 poisoned darts (quivered)
Armour
 c - a +0 pair of gloves (worn)
 f - a +0 buckler (worn)
 s - a +2 cloak of preservation (worn)
 v - a +0 scale mail (worn)
Jewellery
 k - a ring of flight
 n - a ring of willpower (left hand)
 w - an amulet of magic regeneration
 y - a ring of magical power
 z - a ring of willpower
Wands
 o - a wand of flame (20)
 H - a wand of iceblast (11)
Scrolls
 g - a scroll of torment {unknown}
 h - 2 scrolls of immolation {unknown}
 i - a scroll of noise {unknown}
 r - 2 scrolls of enchant armour {unknown}
 u - 8 scrolls of identify {unknown}
 x - a scroll of vulnerability {unknown}
 A - 4 scrolls of fog {unknown}
 C - a scroll of teleportation {unknown}
Potions
 d - 5 potions of attraction {unknown}
 e - 3 potions of heal wounds {unknown}
 l - 2 potions of resistance {unknown}
 m - 5 potions of curing {unknown}
 q - 2 potions of might {unknown}
 t - a potion of brilliance {unknown}
 D - a potion of flight {unknown}
 E - 2 potions of haste {unknown}
 F - a potion of invisibility {unknown}
 G - a potion of lignification {unknown}


   Skills:
 - Level 5.0 Fighting
 + Level 14.0 Axes
 - Level 2.4 Armour
 - Level 2.1 Dodging
 - Level 4.0 Shields


You had 8 spell levels left.
You didn't know any spells.
Your spell library was empty.

Dungeon Overview and Level Annotations

Branches:
Dungeon (6/15)            Ossuary (visited)
 Temple: D:4-7

Altars:
The Shining One

Shops:
D:1 (


Innate Abilities, Weirdness & Mutations

You have a pair of horns on your head.
You reflexively headbutt those who attack you in melee.


Message History

No target in view!
You see here a +0 short sword.
Something hits you but does no damage.
Deactivating autopickup; reactivate with Ctrl-A.
Something hits you but does no damage. Something hits you. Something hits you!
Something hits you but does no damage. Something hits you.
Something hits you but does no damage. x2
Something hits you but does no damage. x2
Something hits you but does no damage.
You slash something! Something hits you! Something hits you but does no damage.
Something hits you. Something hits you. Something hits you but does no damage.
Something hits you. Something hits you but does no damage. Something hits you.
You closely miss something. Something hits you. You block something's attack.
You barely miss something. Something hits you! Something hits you!
* * * LOW HITPOINT WARNING * * *
Something hits you but does no damage.
You miss something. You block something's attack.
Something hits you but does no damage. Something hits you!
* * * LOW HITPOINT WARNING * * *
Something hits you.
* * * LOW HITPOINT WARNING * * *
Something hits you but does no damage.
You hit something but do no damage. You block something's attack.
Something hits you.
* * * LOW HITPOINT WARNING * * *
Something hits you.
* * * LOW HITPOINT WARNING * * *
A red film seems to cover your vision as you go berserk!
You feel yourself moving faster!
You feel mighty! Something hits you but does no damage.
You closely miss something. You block something's attack.
Okay, then.
Something hits you!
You die...

#.##..## ##.....<.####.#####
#.##.## ###......###.# #
#.#..##### #####......####.
##.##.....# #...#.......
#..######.##### ##.......... ..#
#...).# ####.###.### ..## #####.#
#..........# ...# #.####
#........... ##.## #...@##
#........... .#..#### ####..#
##..........#
'##....##########.###............
######....(...###..##.....[......
# ########.....).[...........#
#### ######..............#
##.######### ####.###########
##.........########...#
##[#######....([......#


There were no monsters in sight!

Vanquished Creatures
  Prince Ribbit (D:4)
  Sigmund (D:3)
  A wyvern (D:6)
  Edmund (D:4)
  A water moccasin (D:4)
  2 ice beasts
  A necrophage (D:3)
  A black bear (D:6)
  A centaur (D:6)
  An ogre (D:4)
  4 scorpions
  5 wights (D:6)
  A bullfrog zombie (D:6)
  2 bullfrog skeletons (D:6)
  A jelly (D:5)
  An orc priest (D:3)
  3 hounds
  Crazy Yiuf (D:5)
  A centaur skeleton (D:4)
  3 orc wizards
  2 hound skeletons
  8 mummies (Ossuary)
  A river rat (D:6)
  9 adders
  A white imp (D:6)
  An adder skeleton (D:5)
  An adder zombie (D:5)
  4 worms
  2 dart slugs
  18 orcs
  9 ball pythons
  6 bats
  4 endoplasms
  4 giant cockroaches
  A gnoll zombie (Ossuary)
  4 goblins
  8 hobgoblins
  3 jackals (D:1)
  5 kobolds
  4 quokkas
  A frilled lizard (D:1)
  A hobgoblin zombie (Ossuary)
  2 kobold zombies (Ossuary)
  4 orc zombies (Ossuary)
  11 rats
147 creatures vanquished.

Vanquished Creatures (others)
  7 fungi (D:5)
  5 toadstools (D:5)
12 creatures vanquished.

Grand Total: 159 creatures vanquished

Notes
Turn   | Place    | Note
-------+----------+-------------------------------------------
     0 | D:1      | Tinkle the Minotaur Berserker began the quest for the Orb.
     0 | D:1      | Reached XP level 1. HP: 19/19 MP: 0/0
   157 | D:1      | Reached skill level 4 in Axes
   289 | D:1      | Reached XP level 2. HP: 27/27 MP: 1/1
   402 | D:1      | Found Muin's Antique Weapon Shoppe.
   878 | D:2      | Reached XP level 3. HP: 33/34 MP: 2/2
   910 | D:2      | Reached skill level 1 in Shields
   920 | D:2      | Reached ** piety under Trog
  1650 | D:2      | Reached XP level 4. HP: 34/41 MP: 3/3
  2036 | D:3      | Noticed Sigmund
  2051 | D:3      | Killed Sigmund
  2052 | D:3      | Reached skill level 5 in Fighting
  2052 | D:3      | Reached skill level 5 in Axes
  2052 | D:3      | Reached XP level 5. HP: 41/48 MP: 4/4
  2343 | D:3      | Reached skill level 6 in Axes
  2343 | D:3      | Reached XP level 6. HP: 44/56 MP: 5/5
  3074 | D:3      | Reached *** piety under Trog
  3094 | D:3      | Reached skill level 7 in Axes
  3321 | D:3      | Found a glowing golden altar of the Shining One.
  3656 | D:4      | Noticed a water moccasin
  3668 | D:4      | Killed a water moccasin
  3669 | D:4      | Reached skill level 8 in Axes
  3669 | D:4      | Reached XP level 7. HP: 52/61 MP: 6/6
  4058 | D:4      | Reached skill level 9 in Axes
  4489 | D:5      | Entered Level 5 of the Dungeon
  4489 | D:5      | Noticed Prince Ribbit
  4638 | D:5      | Noticed Edmund
  4919 | D:4      | Killed Edmund
  4920 | D:4      | Reached skill level 10 in Axes
  4924 | D:4      | Killed Prince Ribbit
  4925 | D:4      | Reached XP level 8. HP: 19/68 MP: 7/7
  5374 | D:5      | Reached skill level 11 in Axes
  6304 | D:5      | Found a runed translucent door.
  6305 | D:5      | Noticed Crazy Yiuf
  6313 | D:5      | Killed Crazy Yiuf
  6418 | D:6      | Reached skill level 12 in Axes
  6643 | D:6      | Found a sand-covered staircase.
  6811 | D:6      | Reached skill level 13 in Axes
  7028 | Ossuary  | Entered an ossuary
  7035 | Ossuary  | Reached **** piety under Trog
  7276 | Ossuary  | Reached XP level 9. HP: 63/74 MP: 8/8
  7814 | D:6      | Reached skill level 14 in Axes
  7857 | D:6      | HP: 1/74 [something (5)]
  7860 | D:6      | Mangled by an unseen horror

Illustrated notes

Levels and vault maps discovered:
D:1:      onia_arrival_mini_spirals, layout_loops_ring, serial_shops,
          nicolae_shop_statue_plus, minmay_crystal_room
D:2:      layout_basic
D:3:      layout_basic, mainiacjoe_overflow_surrounded_room, st_stairs_3,
          uniq_sigmund
D:4:      layout_gridville
D:5:      layout_basic, minmay_misc_feat_x, skrybe_limestone_x,
          minmay_gold_behind_fungi, uniq_crazy_yiuf_cottage, uniq_edmund,
          uniq_prince_ribbit1
D:6:      layout_rooms, nicolae_ossuary_entry_false_entrances,
          portal_sewer_entry_a, st_stairs_12, kennysheep_another_room,
          corexii_checkpoint_a

Skill      XL: |  1  2  3  4  5  6  7  8  9 |
---------------+----------------------------+-----
Fighting       | 4 5 |  5.0
Axes           | 4 5 6 8 10 13 14 | 14.0
Shields        | 1 3 4 |  4.0
Armour         | |  2.4
Dodging        | |  2.1

Action                   |  1- 3 |  4- 6 |  7- 9 || total
-------------------------+-------+-------+-------++-------
Melee: Hand axe          |    68 |    76 |       ||   144
       Headbutt          |     3 |    15 |    41 ||    59
       War axe           |       |    18 |   212 ||   230
       Flail             |       |       |    10 ||    10
Invok: Berserk           |       |     1 |     3 ||     4
       Trog's Hand       |       |     1 |       ||     1
Armor: Ring mail         |    18 |    28 |    23 ||    69
       Scale mail        |       |       |    78 ||    78
Dodge: Dodged            |    26 |    47 |    95 ||   168
Block: Buckler           |     6 |    11 |    49 ||    66

Table legend: (Time is in decaauts)
 A = Elapsed time spent in this place.
 B = Non-inter-level travel time spent in this place.
 C = Inter-level travel time spent in this place.
 D = Time resting spent in this place.
 E = Time spent auto-exploring this place.
 F = Levels seen in this place.
 G = Mean time per level.
                   A        B        C        D        E       F      G
               +--------+--------+--------+--------+--------+-----+--------+
         Total |   7890 |   7603 |    287 |   2215 |   4036 |   7 | 1127.1 |
       Dungeon |   7472 |   7185 |    287 |   2032 |   3884 |   6 | 1245.3 |
       Ossuary |    418 |    418 |      0 |    183 |    152 |   1 |  418.0 |
               +--------+--------+--------+--------+--------+-----+--------+

Top non-repeatable levels by time:
     D:4: 1647 daAuts
     D:3: 1539 daAuts
     D:2: 1256 daAuts
     D:5: 1103 daAuts
     D:6: 1049 daAuts
     D:1: 877 daAuts
 Ossuary: 418 daAuts
